Unix NetHack Version 5.0.0-0 post-release - last build May  4 2026 22:22:43 (774f63e81ad911689b3a0859ea89b322d5daca8d,branch:main).

Game began 2026-05-07 02:10:12, ended 2026-05-07 02:30:51.

DeathOnAStick, neutral male human Tourist

                                    -------------            #
                        ###         |...Z..{....|         ---+-     ----------
              ------------#        #....(.......-#    ####+...|     |........|
     #        |..........|#        #|.>.........|#### #   |...|     |........|
  ---+---     |...........#        #------|------   ###----...---- #.........|
  |.....|     |..........|#        #      ########    #|.........-##|....@...|
  |.....|     |..........|################`############-.........|  |........|
  |......#    |..........|#         #            #`   #|.........|  |........|
  --+-+--#    --|---------#    -----#     --------.---#----...----  ------.---
    # #  #     ##         ##   |(..|#     |..........|####-...|           #
         #     #           ####|.[..#     |..........|##  |...|          ##
        ##     #              #...>|      |...........#   -----          #
        #      #               -----      ------------#                  #
        #    ###                            ###########                  #
        #  ###                        #######                          ###
        #--.------        #############                             ---|---
        #|.......|    #####                                         |.....|
        #.....<...#####                                             |*...(|
         ---------                                                  -------

DeathOnAStick the Sightseer  St:14 Dx:12 Co:18 In:10 Wi:7 Ch:14  Neutral S:1078
Dlvl:2  $:1288 HP:0(31) Pw:9(9) AC:8  Xp:4/116 T:910  Burdened Blind

Latest messages:
 You climb up the stairs.
 With great effort you move the boulder.
 With great effort you move the boulder.
 What do you want to drop? [$a-ik-tvxABH-MQSU-Z or ?*] d
 You drop an uncursed pick-axe.
 Your movements are now unencumbered.
 The door resists!
 The door opens.
 "Aloha, DeathOnAStick!  Welcome again to Sipaliwini's general store!"
 You see here a food ration (for sale, 60 zorkmids).
 You drop a cursed partly used candle.
 Sipaliwini seems uninterested.
 You drop 2 cursed touchstones.
 Sipaliwini offers 30 gold pieces for your touchstones.  Sell them? [ynaq] (n) y
 You sold 2 cursed touchstones for 30 gold pieces.
 What do you want to wear? [o or ?*] o
 You finish your dressing maneuver.
 It won't come off the hinges.
 You see here an uncursed pick-axe.
 You have a little trouble lifting an uncursed pick-axe.  Continue? [ynq] (q) y
 You have a little trouble lifting d - an uncursed pick-axe.
 Your movements are slowed slightly because of your load.
 What do you want to take off? [nos or ?*] n
 You finish taking off your suit.
 What do you want to drink? [g-iklSZ or ?*] Z
 A cloud of darkness falls upon you.
 It bites!
 It hits!
 You stop waiting.
 In what direction? h
 The dart hits it.
 In what direction? h
 You kill it!
 In what direction? k
 You attack thin air.
 You try to feel what is lying here on the floor.
 It bites!
 It bites!
 You have a little trouble lifting a - 2 +2 darts (at the ready) (14 in total).
 u - a scroll.
 It bites!
 In what direction? k
 The dart hits it.
 It bites!
 You die...
 Do you want your possessions identified? [ynq] (y) y
 Do you want to see your attributes? [ynq] (y) y
 Do you want an account of creatures vanquished? [ynaq] (y) y
 Do you want to see your conduct and achievements? [ynq] (y) y
 Do you want to see the dungeon overview? [ynq] (y) y

Inventory:
 Coins    ('$')
  $ - 1288 gold pieces
 Amulets  ('"')
  r - an uncursed amulet of unchanging (being worn)
  Q - a blessed amulet versus poison
 Weapons  (')')
  a - 13 +2 darts (at the ready)
  J - 11 +0 darts
 Armor    ('[')
  o - an uncursed +0 orcish helm (being worn)
  s - an uncursed +0 pair of speed boots (being worn)
  n - an uncursed +0 studded leather armor
 Comestibles  ('%')
  e - 2 uncursed randomfruits
  f - 2 uncursed carrots
  M - an uncursed cream pie
  c - 4 uncursed food rations
  b - an uncursed lembas wafer
  W - an uncursed pancake
  q - an uncursed tin of pureed acid blob
 Scrolls  ('?')
  m - an uncursed scroll of destroy armor
  A - an uncursed scroll of enchant armor
  V - a blessed scroll of teleportation
  u - an uncursed scroll of teleportation
 Potions  ('!')
  Z - an uncursed potion of blindness
  g - an uncursed potion of confusion
  h - a blessed potion of extra healing
  i - 3 uncursed potions of extra healing
  l - 2 uncursed potions of fruit juice
  k - an uncursed potion of full healing
  S - 3 uncursed potions of healing
 Rings    ('=')
  t - an uncursed ring of teleport control
 Wands    ('/')
  H - a blessed wand of secret door detection (0:15)
 Tools    ('(')
  U - a cursed brass lantern
  v - an expensive camera (0:67)
  d - a +0 pick-axe
  x - an uncursed skeleton key
 Gems/Stones  ('*')
  X - an uncursed jet stone
  B - an uncursed worthless piece of blue glass
  p - a cursed worthless piece of blue glass
  I - 2 uncursed worthless pieces of orange glass
  Y - an uncursed worthless piece of yellowish brown glass

DeathOnAStick the Tourist's attributes:

Background:
 You were a Sightseer, a level 4 male human Tourist.
 You were neutral, on a mission for The Lady
 who was opposed by Blind Io (lawful) and Offler (chaotic).
 You were right-handed.
 You were in the Dungeons of Doom, on level 2.
 You entered the dungeon 910 turns ago.
 It was nighttime.
 You had 116 experience points, 44 more were needed to attain level 5.
 Your score was 1078 before end-of-game adjustments.

Basics:
 You had 0 out of 31 hit points.
 You had all 9 energy points (spell power).
 Your armor class was 8.
 Your wallet contained 1288 zorkmids.
 Autopickup was off.

Final Characteristics:
 Your strength was 14 (limit:18/100).
 Your dexterity was 12 (limit:18).
 Your constitution was 18 (limit:18).
 Your intelligence was 10 (limit:18).
 Your wisdom was 7 (limit:18).
 Your charisma was 14 (limit:18).

Final Status:
 You were temporarily blind.
 You weren't hungry.
 You were burdened; movement was slightly slowed.
 You were bare handed.
 You were unskilled in bare handed combat.

Final Attributes:
 You were devoutly aligned.
 You couldn't change from your current form.
 You were very fast.
 You are dead.

Miscellaneous:
 You didn't encounter any bones levels.
 Total elapsed playing time was 20 minutes and 36 seconds.

Major events:
 Turn
    1: DeathOnAStick the neutral male human Tourist entered the dungeon
  361: entered the Gnomish Mines
  387: attained the rank of Sightseer (level 3)
  910: killed by a giant bat

You didn't know any spells.

Skills:
 Fighting Skills
   bare handed combat [Unskilled]
   two weapon combat  [Unskilled]
   riding             [Unskilled]
 Weapon Skills
   dagger             [Unskilled]
   knife              [Unskilled]
   axe                [Unskilled]
   pick-axe           [Unskilled]
   short sword        [Unskilled]
   broadsword         [Unskilled]
   long sword         [Unskilled]
   two-handed sword   [Unskilled]
   saber              [Unskilled]
   mace               [Unskilled]
   morning star       [Unskilled]
   flail              [Unskilled]
   hammer             [Unskilled]
   quarterstaff       [Unskilled]
   polearms           [Unskilled]
   spear              [Unskilled]
   trident            [Unskilled]
   lance              [Unskilled]
   bow                [Unskilled]
   sling              [Unskilled]
   crossbow           [Unskilled]
   dart               [Basic]
   shuriken           [Unskilled]
   boomerang          [Unskilled]
   whip               [Unskilled]
   unicorn horn       [Unskilled]
 Spellcasting Skills
   divination spells  [Unskilled]
   enchantment spells [Unskilled]
   escape spells      [Unskilled]

Voluntary challenges:
 Character rerolling was not enabled.
 You never hit with a wielded weapon.
 You never genocided any monsters.
 You never polymorphed an object.
 You never changed form.
 You used no wishes.
Achievements:
 You entered a shop.
 You entered the Gnomish Mines.
 You attained the rank of Sightseer.

 The Dungeons of Doom: levels 1 to 4
    Level 1:
       An altar to The Lady, some fountains.
    Level 2: <- You were here.
       A general store, a fountain.
       Stairs down to The Gnomish Mines.
       Final resting place for
          you, killed by a giant bat.
    Level 3:
       A potion shop, an altar, a fountain.
    Level 4:
       Some shops, a fountain.
 The Gnomish Mines:
    Level 3:


Vanquished creatures:
  a gnome ruler
  a dwarf
  2 hobgoblins
  4 gnomes
  2 kobolds
  2 sewer rats
  3 lichens
  3 newts
18 creatures vanquished.

No species were genocided or became extinct.

Game over:
                       ----------
                      /          \
                     /    REST    \
                    /      IN      \
                   /     PEACE      \
                  /                  \
                  |  DeathOnAStick   |
                  |     1288 Au      |
                  |   killed by a    |
                  |    giant bat     |
                  |                  |
                  |                  |
                  |       2026       |
                 *|     *  *  *      | *
        _________)/\\_//(\/(/\)/\//\/|_)_______

Aloha DeathOnAStick the Tourist...

You died in The Dungeons of Doom on dungeon level 2 with 1036 points,
and 1288 pieces of gold, after 910 moves.
You were level 4 with a maximum of 31 hit points when you died.

